 Dungeon Crawl Stone Soup version 0.20-a0-1122-gb7cbeb9 (webtiles) character file.

425 Spazmo the Thaumaturge (level 6, -3/39 HPs)
             Began as a Deep Elf Wizard on May 12, 2017.
             Slain by Duvessa
             ... wielding a +2 short sword of draining
              (4 damage)
             ... on level 4 of the Dungeon.
             The game lasted 00:09:33 (3043 turns).

Spazmo the Thaumaturge (Deep Elf Wizard)            Turns: 3043, Time: 00:09:34

Health: -3/39      AC:  4    Str:  4    XL:     6   Next: 64%
Magic:  1/22       EV: 16    Int: 25    God:
Gold:   147        SH:  0    Dex: 15    Spells: 21/27 levels left

rFire    . . .     SeeInvis .   e - +1 dagger (venom)
rCold    . . .     Gourm    .   (no shield)
rNeg     . . .     Faith    +   a - +0 robe
rPois    .         Spirit   .   b - +1 hat
rElec    .         Reflect  .   (no cloak)
rCorr    .         Harm     .   (no gloves)
MR       .....                  (no boots)
Stlth    ++........             h - amulet of faith
Regen    0.2/turn               g - ring of flight
MPRegen  0.2/turn               (no ring)

@: drained
A: agile 1, shaggy fur 1, MP-powered wands
a: Evoke Flight


You were on level 4 of the Dungeon.
You were not hungry.

You visited 1 branch of the dungeon, and saw 4 of its levels.

You collected 147 gold pieces.

Inventory:

Hand Weapons
 e - a +1 dagger of venom (weapon)
Armour
 a - a +0 robe (worn)
 b - a +1 hat (worn)
Jewellery
 g - a ring of flight (left hand)
 h - an amulet of faith (around neck)
Wands
 j - a wand of lightning (8/15)
 l - a wand of random effects (16/48)
Potions
 i - 2 potions of magic
 k - 2 potions of haste
Books
 c - a book of Minor Magic

   Spells                             Type                      Level
   a - Magic Dart                     Conjuration                  1
   b - Blink                          Translocation                2
   c - Call Imp                       Summoning                    2
   d - Slow                           Hexes                        2
   e - Conjure Flame                  Conjuration/Fire             3
   f - Mephitic Cloud                 Conjuration/Poison/Air       3
Comestibles
 d - 4 bread rations
 f - 3 meat rations


   Skills:
 + Level 4.3(3.3) Fighting
 + Level 7.2(6.0) Dodging
 - Level 2.6(1.6) Stealth
 + Level 11.0(9.8) Spellcasting
 + Level 6.0(4.9) Conjurations
   Level 1.1(0.1) Summonings
 - Level 1.1(0.1) Translocations


You had 21 spell levels left.
You knew the following spells:

 Your Spells              Type           Power        Failure   Level  Hunger
a - Magic Dart            Conj           ####         1%          1    None
b - Blink                 Tloc           N/A          7%          2    None
c - Mephitic Cloud        Conj/Pois/Air  ###.....     8%          3    None


Dungeon Overview and Level Annotations

Branches:
Dungeon (4/15)
 Temple: D:4-7

Altars:
Wu Jian

Annotations:
D:4 Duvessa


Innate Abilities, Weirdness & Mutations

You are agile. (Dex +2)
You are covered in fur. (AC +1)
You expend magic power (3 MP) to strengthen your wands.


Message History

Confirm with . or Enter, or press ? or * to list all spells.
Aiming: Magic Dart
Press: ? - help, Shift-Dir - straight line, f/p - Duvessa
Aim: Duvessa, wielding a short sword of draining and wearing a ring mail (moderately wounded, berserk, fast, unusually strong, lightly drained)
The magic dart hits Duvessa.
Duvessa is moderately wounded.
Duvessa barely misses you.
Duvessa hits you with a short sword of draining!
You feel drained.
Casting: Magic Dart
Confirm with . or Enter, or press ? or * to list all spells.
Aiming: Magic Dart
Press: ? - help, Shift-Dir - straight line, f/p - Duvessa
Aim: Duvessa, wielding a short sword of draining and wearing a ring mail (moderately wounded, berserk, fast, unusually strong, lightly drained)
The magic dart hits Duvessa.
Duvessa is moderately wounded.
Duvessa hits you with a short sword of draining!
* * * LOW HITPOINT WARNING * * *
You feel drained.
You die...

#. #.## .# #†..
... .# #..# #.#
.#.# ... ... ...
#.# #.##.### ##.##
#.......
#.##.@e###.......
#...........#.#
####...###Z.#.#
##.## #..#.# #.#
##....#
#.###.....#
#........<##
######.>.#.###.##e
#...###.))....


You could see Duvessa (berserk) and a centaur skeleton.

Vanquished Creatures
  A phantom (D:3)
  An ogre (D:4)
  Dowan (D:4)
  5 adders
  An ooze (D:1)
  A worm (D:2)
  2 dart slugs
  4 leopard geckos
  A ball python (D:2)
  4 giant cockroaches
  2 goblins (D:1)
  8 hobgoblins
  8 kobolds
  A quokka (D:2)
  4 bats
  2 frilled lizards (D:3)
  6 rats
52 creatures vanquished.

Notes
Turn   | Place    | Note
-------+----------+-------------------------------------------
     0 | D:1      | Spazmo the Deep Elf Wizard began the quest for the Orb.
     0 | D:1      | Reached XP level 1. HP: 10/10 MP: 7/7
   442 | D:1      | Reached XP level 2. HP: 15/15 MP: 6/9
   446 | D:1      | Learned a level 2 spell: Blink
   592 | D:1      | Reached skill level 5 in Spellcasting
   960 | D:2      | Reached XP level 3. HP: 19/19 MP: 5/11
  1875 | D:3      | Reached XP level 4. HP: 18/24 MP: 8/13
  1982 | D:3      | Gained mutation: You expend magic power (3 MP) to strengthen your wands. [potion of mutation]
  1982 | D:3      | Gained mutation: You are agile. (Dex +2) [potion of mutation]
  1982 | D:3      | Gained mutation: You are covered in fur. (AC +1) [potion of mutation]
  2155 | D:3      | Learned a level 3 spell: Mephitic Cloud
  2229 | D:3      | Reached skill level 1 in Fighting
  2232 | D:3      | Found an ornate altar of the Wu Jian Council.
  2320 | D:3      | Reached skill level 10 in Spellcasting
  2320 | D:3      | Reached skill level 5 in Conjurations
  2320 | D:3      | Reached XP level 5. HP: 33/33 MP: 14/20
  2636 | D:3      | Noticed a phantom
  2650 | D:3      | Killed a phantom
  2650 | D:3      | Reached XP level 6. HP: 24/38 MP: 7/21
  3000 | D:4      | Noticed Duvessa
  3000 | D:4      | Noticed Dowan
  3014 | D:4      | Reached skill level 11 in Spellcasting
  3018 | D:4      | Killed Dowan
  3043 | D:4      | HP: 1/39 [Duvessa/short sword of draining (13)]
  3043 | D:4      | Slain by Duvessa

Vault maps used:
D:1:      lemuel_arrival_funnel
D:2:      due_unseen_surprise
D:3:      nicolae_overflow_crystal_walls, first_bread
D:4:      cheibrodos_old_hovel, uniq_duvessa, uniq_menkaure, uniq_edmund

Skill      XL: |  1  2  3  4  5  6 |
---------------+-------------------+-----
Spellcasting   | 5 10 11 | 11.0
Dodging        | 3 6 7 |  7.2
Conjurations   | 2 5 6 |  6.0
Fighting       | 4 |  4.3
Stealth        | |  2.6
Summonings     | |  1.1
Translocations | |  1.1

Action                   |  1- 3 |  4- 6 || total
-------------------------+-------+-------++-------
 Cast: Magic Dart        |    91 |    66 ||   157
       Mephitic Cloud    |       |     1 ||     1
  Use: Potion            |     6 |     3 ||     9
       Scroll            |     2 |     5 ||     7
  Eat: Chunk             |     2 |     2 ||     4
       Bread ration      |       |     1 ||     1
Dodge: Dodged            |     7 |     5 ||    12
